 Dungeon Crawl Stone Soup version 0.23.2 (webtiles) character file.

Game seed: 17437730924413001283

10922 night the Geomancer (level 11, -2/54 HPs)
             Began as a Gargoyle Earth Elementalist on Apr 3, 2019.
             Was a Priest of Vehumet.
             Slain by a yak (11 damage)
             ... on level 1 of the Lair of Beasts.
             The game lasted 00:55:22 (12589 turns).

night the Geomancer (Gargoyle Earth Elementalist)  Turns: 12589, Time: 00:55:22

Health: -2/54      AC: 14    Str: 12    XL:     11   Next: 69%
Magic:  25/25      EV: 12    Int: 19    God:    Vehumet [***...]
Gold:   580        SH:  0    Dex: 11    Spells: 13/31 levels left

rFire    . . .     SeeInvis .   P - +9 hand axe of the Penguin {vamp, rN+ Int+2}
rCold    . . .     Gourm    .   (no shield)
rNeg     + + +     Faith    .   A - +0 robe of Vaeqap Gibe {MR+ rCorr Stlth+}
rPois    ∞         Spirit   .   V - +1 hat {MR+}
rElec    +         Reflect  .   N - +2 ratskin cloak {+Rats rPois rN+ Str-1 Int-1 Dex+1}
rCorr    +         Harm     .   (no gloves)
MR       +++..                  (no boots)
Stlth    +++.......             S - amulet of regeneration
HPRegen  0.58/turn              K - ring of resist corrosion
MPRegen  0.19/turn              C - ring of protection from magic

@: berserk cooldown, slowed, very slow
A: negative energy resistance 1, electricity resistance, unbreathing,
petrification resistance, rot immunity, AC +8
a: Renounce Religion, Evoke Ratskin


You were on level 1 of the Lair of Beasts.
You worshipped Vehumet.
Vehumet was most pleased with you.
You were not hungry.

You visited 3 branches of the dungeon, and saw 12 of its levels.
You also visited: Bailey.

You collected 580 gold pieces.

Inventory:

Hand Weapons
 a - a +4 flail
 b - a +4 dagger
 f - the +2 spear of Fixation {chaos, +Rage MP+9 Dex+6}
   (You found it on level 4 of the Dungeon)

   Each time it hits an enemy it has a different, random effect.
   It affects your dexterity (+6).
   It affects your magic capacity (+9).
   It lets you go berserk.
 z - a +0 shortbow
 P - the +9 hand axe of the Penguin (weapon) {vamp, rN+ Int+2}
   (You found it on level 8 of the Dungeon)

   It inflicts no extra harm, but heals its wielder when it wounds a living foe.
   It affects your intelligence (+2).
   It protects you from negative energy.
 W - a +2 vampiric whip
Missiles
 m - 62 sling bullets
 o - 237 arrows
 q - 49 bolts
 w - 18 tomahawks
 x - 312 stones (quivered)
 Q - 27 tomahawks of returning
 T - 3 throwing nets
Armour
 c - a +1 robe
 n - a +0 buckler
 t - a scarf of spirit shield
 A - the +0 robe of Vaeqap Gibe (worn) {MR+ rCorr Stlth+}
   (You found it on level 6 of the Dungeon)

   It affects your resistance to hostile enchantments.
   It provides partial protection from all sources of acid and corrosion.
   It makes you more stealthy.
 H - a +0 robe of resistance
 N - the +2 ratskin cloak (worn) {+Rats rPois rN+ Str-1 Int-1 Dex+1}
   (You found it on level 7 of the Dungeon)

   It affects your strength (-1).
   It affects your intelligence (-1).
   It affects your dexterity (+1).
   It protects you from poison.
   It protects you from negative energy.
 V - a +1 hat of magic resistance (worn)
Jewellery
 j - a cursed ring of magical power {unknown}
 s - an uncursed ring of positive energy
 C - a ring of protection from magic (right hand)
 K - a ring of resist corrosion (left hand)
 S - an amulet of regeneration (around neck)
 X - an uncursed ring of see invisible
 Y - an uncursed amulet of the gourmand {unknown}
Wands
 h - a wand of digging (2)
 J - a wand of flame (26)
 O - a wand of iceblast (10)
Scrolls
 e - 2 scrolls of magic mapping
 i - a scroll of teleportation
 k - 4 scrolls of immolation
 p - 4 scrolls of remove curse
 F - 3 scrolls of amnesia
 R - 2 scrolls of identify
Potions
 g - a potion of invisibility
 r - 2 potions of mutation
 u - 4 potions of brilliance {unknown}
 v - 4 potions of curing
 B - a potion of flight
 G - 2 potions of haste
 I - a potion of cancellation
 L - a potion of ambrosia {unknown}
 U - 2 potions of resistance
Comestibles
 d - 20 rations


   Skills:
 - Level 1.5 Dodging
 - Level 2.1 Stealth
 + Level 10.6 Spellcasting
 + Level 9.2 Conjurations
   Level 0.7 Transmutations
 + Level 13.5 Earth Magic


You had 13 spell levels left.
You knew the following spells:

 Your Spells              Type           Power        Failure   Level  Hunger
a - Flame Tongue          Conj/Fire      ####.        1%          1    None
b - Stone Arrow           Conj/Erth      ######       1%          3    None
c - Lee's Rapid Deconstr  Erth           ######....   1%          5    ####...
d - Conjure Flame         Conj/Fire      ####....     1%          3    None
e - Mephitic Cloud        Conj/Pois/Air  ###.....     1%          3    None
f - Blink                 Tloc           N/A          11%         2    None
g - Sandblast             Erth           ######       1%          1    None

Your spell library contained the following spells:

 Spells                   Type           Power        Failure   Level  Hunger
 Inner Flame              Hex/Fire       ##......     5%          3    None
 Magic Dart               Conj           ####         1%          1    None
 Passwall                 Tmut/Erth      #####...     1%          2    None
 Searing Ray              Conj           #####.       1%          2    None
 Dazzling Spray           Conj/Hex       ####..       1%          3    None
 Iskenderun's Mystic Bla  Conj           #####...     1%          4    ##.....
 Force Lance              Conj/Tloc      ####....     3%          4    ##.....
 Fulminant Prism          Conj/Hex       ####......   3%          4    ##.....
 Petrify                  Tmut/Erth      #####...     3%          4    ##.....
 Call Imp                 Summ           ##......     11%         2    None
 Slow                     Hex            ##......     11%         2    None


Dungeon Overview and Level Annotations

Branches:
Dungeon (9/15)             Temple (1/1) D:4            Lair (2/6) D:8
    Orc (0/2) D:9
  Swamp: Lair:2-4    Shoals: Lair:2-4     Snake: Lair:2-4    Spider: Lair:2-4

Altars:
Ashenzari
Cheibriados
Dithmenos
Elyvilon
Fedhas
Gozag
Hepliaklqana
Kikubaaqudgha
Makhleb
Nemelex Xobeh
Okawaru
Qazlal
Ru
Sif Muna
Trog
Uskayaw
Vehumet
Wu Jian
Xom
Yredelemnul
Zin
The Shining One

Annotations:
D:3 Sigmund
D:8 1 runed translucent door
D:9 3 runed translucent doors, Frank's ghost, novice OpFi


Innate Abilities, Weirdness & Mutations

You are resistant to torment.
Your stone body is resilient. (AC +8)
You are immune to poison.
You resist negative energy. (rN+)
You are resistant to electric shocks. (rElec)
You can survive without breathing.
You are immune to petrification.
You are immune to rotting.


Message History

You hit the yak.
The yak is lightly wounded.
The yak barely misses you. The yak closely misses you.
You barely miss the yak.
The yak is lightly wounded.
The yak gores you!
* * * LOW HITPOINT WARNING * * *
The yak gores you.
* * * LOW HITPOINT WARNING * * *
You slash the yak!
The yak is moderately wounded.
The yak closely misses you. The yak misses you.
You hit the yak.
You feel better.
The yak is moderately wounded.
The yak gores you but does no damage. The yak gores you!
* * * LOW HITPOINT WARNING * * *
You slash the yak!
The yak is heavily wounded.
The yak gores you!
You die...

..P##.....................#
.................>........#
..........................#
..P##...###...............#
..##.....##.#.....#P.#...##
#.###...###..........#P..#
........# #..........##..#
P.P##...###..........##..##
P.###....##.....@Y....#..P#
...##..........###.......##
.........#.....###.####.##
..........#....#....#####
.........##..........##
....#....###...##.....##
.........[##...........###
..........#.....#........#
.........................##


You could see a yak.

Vanquished Creatures
  Gastronok (D:8)
  Harold (D:8)
  A two-headed ogre (D:8)
  A hydra (D:8)
  An orc knight (Bailey)
  A spiny frog (Lair:1)
  A rime drake (Lair:1)
  A troll (D:7)
  Grinder (D:4)
  2 hippogriffs (Lair:1)
  2 dream sheep (D:8)
  2 yaks (D:8)
  A soldier ant (D:7)
  2 water moccasins (Lair:1)
  A sky beast (D:9)
  An ogre (D:4)
  2 ice beasts
  6 orc warriors
  A black bear (D:6)
  2 phantoms
  9 wolves
  3 centaurs
  3 big kobolds (D:8)
  6 bullfrogs
  2 scorpions (D:5)
  5 killer bees (D:9)
  3 wights (D:8)
  2 electric eels (D:8)
  A howler monkey (D:5)
  2 crimson imps
  A bullfrog zombie (D:7)
  2 quasits
  A jelly (D:5)
  3 hounds
  5 orc wizards
  2 centaur skeletons
  6 orc priests
  2 iguanas
  4 worker ants
  2 hound zombies
  A hound skeleton (D:5)
  A worker ant zombie (D:7)
  13 gnolls
  11 adders
  3 shadow imps
  An ooze (D:3)
  2 adder zombies
  2 adder skeletons
  3 worms
  2 dart slugs
  5 leopard geckos
  43 orcs
  5 giant cockroaches
  11 goblins
  8 hobgoblins
  9 jackals
  23 kobolds
  3 quokkas
  6 bats
  5 frilled lizards
  A jackal skeleton (D:8)
  A leopard gecko skeleton (D:8)
  A leopard gecko zombie (D:5)
  A quokka skeleton (D:5)
  6 rats
262 creatures vanquished.

Vanquished Creatures (collateral kills)
  A black bear (D:7)
1 creature vanquished.

Vanquished Creatures (others)
  A swamp drake (D:9)
  2 plants (D:8)
3 creatures vanquished.

Grand Total: 266 creatures vanquished

Notes
Turn   | Place    | Note
-------+----------+-------------------------------------------
     0 | D:1      | night the Gargoyle Earth Elementalist began the quest for
                  | the Orb.
     0 | D:1      | Reached XP level 1. HP: 10/10 MP: 3/3
   202 | D:1      | Reached skill level 4 in Earth Magic
   202 | D:1      | Reached XP level 2. HP: 13/15 MP: 5/5
   990 | D:2      | Reached XP level 3. HP: 19/19 MP: 7/7
  1184 | D:2      | Learned a level 3 spell: Stone Arrow
  1290 | D:2      | Reached XP level 4. HP: 24/24 MP: 8/8
  1625 | D:2      | Reached skill level 5 in Earth Magic
  1779 | D:2      | Found an opulent altar of Gozag.
  2132 | D:3      | Reached XP level 5. HP: 20/28 MP: 3/10
  2626 | D:3      | HP: 1/28 [orc wizard/puff of frost (11)]
  2950 | D:3      | Noticed Sigmund
  3035 | D:4      | Got a fine spear
  3036 | D:4      | Identified the cursed +2 spear of Fixation {chaos, +Rage
                  | MP+9 Dex+6} (You found it on level 4 of the Dungeon)
  3106 | D:4      | Noticed an ogre
  3115 | D:4      | Killed an ogre
  3115 | D:4      | Reached skill level 6 in Earth Magic
  3115 | D:4      | Reached XP level 6. HP: 7/32 MP: 10/12
  3559 | D:4      | Found a sacrificial altar of Ru.
  3570 | D:4      | Learned a level 5 spell: Lee's Rapid Deconstruction
  3754 | D:4      | Noticed Grinder
  3758 | D:4      | Paralysed by Grinder for 3 turns
  3768 | D:4      | Killed Grinder
  3768 | D:4      | Reached skill level 5 in Spellcasting
  3768 | D:4      | Reached skill level 7 in Earth Magic
  3768 | D:4      | Reached XP level 7. HP: 26/36 MP: 9/14
  3891 | D:4      | Found a staircase to the Ecumenical Temple.
  3934 | Temple   | Entered the Ecumenical Temple
  4434 | D:5      | Entered Level 5 of the Dungeon
  4436 | D:5      | Found a stormy altar of Qazlal.
  4436 | D:5      | Found a glowing golden altar of the Shining One.
  4528 | D:5      | Reached skill level 8 in Earth Magic
  4855 | D:5      | Reached XP level 8. HP: 41/41 MP: 17/17
  5597 | D:5      | Reached skill level 9 in Earth Magic
  6350 | D:6      | Got a tattered robe
  6361 | D:6      | Identified the cursed +0 robe of Vaeqap Gibe {MR+ rCorr
                  | Stlth+} (You found it on level 6 of the Dungeon)
  6805 | D:7      | Reached skill level 10 in Earth Magic
  6805 | D:7      | Reached XP level 9. HP: 44/45 MP: 20/20
  6829 | D:7      | Reached skill level 1 in Conjurations
  6831 | D:7      | Found a radiant altar of Vehumet.
  6844 | D:7      | Became a worshipper of Vehumet
  7244 | D:7      | Found a snail-covered altar of Cheibriados.
  7462 | D:7      | Learned a level 3 spell: Conjure Flame
  7466 | D:7      | Learned a level 3 spell: Mephitic Cloud
  7492 | D:7      | Found the +2 ratskin cloak {+Rats rPois rN+ Str-1 Int-1
                  | Dex+1}
  7777 | D:8      | Found a glowing silver altar of Zin.
  7777 | D:8      | Noticed an angel
  7778 | D:8      | Found a runed translucent door.
  7798 | D:8      | Found a flagged portal.
  7806 | D:8      | Got a fine hand axe
  7809 | D:8      | Got an ivory hand axe
  7812 | Bailey   | Entered a bailey
  7826 | Bailey   | Learned a level 2 spell: Blink
  8082 | Bailey   | Reached * piety under Vehumet
  8082 | Bailey   | Offered knowledge of Sting by Vehumet.
  8346 | Bailey   | Noticed an orc knight
  8352 | Bailey   | HP: 2/45 [orc warrior/+0 war axe (27)]
  8364 | Bailey   | Killed an orc knight
  8401 | Bailey   | Reached skill level 11 in Earth Magic
  8873 | D:8      | Reached skill level 5 in Conjurations
  8873 | D:8      | Noticed a troll
  8880 | D:8      | Reached XP level 10. HP: 40/50 MP: 5/22
  9216 | D:8      | Found a staircase to the Lair.
  9274 | D:8      | Noticed Harold
  9286 | D:8      | Noticed a two-headed ogre
  9287 | D:8      | Killed Harold
  9407 | D:8      | Killed a two-headed ogre
  9407 | D:8      | Reached skill level 12 in Earth Magic
  9505 | D:8      | Reached ** piety under Vehumet
  9505 | D:8      | Offered knowledge of Flame Tongue by Vehumet.
  9565 | D:8      | Noticed Gastronok
  9597 | D:8      | Killed Gastronok
  9597 | D:8      | Reached XP level 11. HP: 15/54 MP: 7/24
 10034 | D:8      | Learned a level 1 spell: Flame Tongue
 10043 | D:8      | Reached skill level 10 in Spellcasting
 10150 | D:8      | Noticed a two-headed hydra
 10156 | D:8      | Killed a two-headed hydra
 10156 | D:8      | Reached skill level 13 in Earth Magic
 10614 | D:9      | Got an ichor-stained ring mail
 10627 | D:9      | Identified the cursed +0 ring mail "Hotasopp" {rPois Str+5
                  | Int-2 Stlth+} (You found it on level 9 of the Dungeon)
 10680 | D:9      | Offered knowledge of Inner Flame by Vehumet.
 10775 | D:9      | Found a runed translucent gate.
 10775 | D:9      | Found a runed translucent gate.
 11028 | D:9      | Found a runed translucent gate.
 11032 | D:9      | Noticed Frank's ghost (novice OpFi)
 11426 | D:9      | Found a staircase to the Orcish Mines.
 11434 | D:9      | Reached *** piety under Vehumet
 11450 | D:9      | Identified the cursed +0 hand axe of the Forsaken Tables
                  | {chop, rF+ rC- rN+++} (You found it on level 8 of the
                  | Dungeon)
 11454 | D:9      | Identified the +9 hand axe of the Penguin {vamp, rN+ Int+2}
                  | (You found it on level 8 of the Dungeon)
 11672 | Lair:1   | Entered Level 1 of the Lair of Beasts
 12569 | Lair:1   | You fall through a shaft!
 12589 | Lair:1   | Slain by a yak

Skill      XL: |  1  2  3  4  5  6  7  8  9 10 11 |
---------------+----------------------------------+-----
Earth Magic    | 4 5 6 7 8 10 11 12 13 | 13.5
Spellcasting   | 3 4 5 6 7 8 9 10 | 10.6
Conjurations   | 5 7 9 |  9.2
Dodging        | |  1.5
Stealth        | |  2.1
Transmutations | |  0.7

Action                   |  1- 3 |  4- 6 |  7- 9 | 10-12 || total
-------------------------+-------+-------+-------+-------++-------
Melee: Spear             |    26 |    61 |    81 |       ||   168
       Unarmed           |     3 |       |       |       ||     3
       Dagger            |    55 |    71 |    14 |    15 ||   155
       Flail             |       |    29 |   168 |   100 ||   297
       Hand axe          |       |       |       |    39 ||    39
Throw: Stone             |       |       |     1 |       ||     1
 Cast: Sandblast         |     3 |     7 |    12 |     5 ||    27
       Stone Arrow       |       |     9 |    71 |    69 ||   149
       Lee's Rapid Decon |       |     2 |     5 |    11 ||    18
       Mephitic Cloud    |       |       |     3 |     8 ||    11
       Conjure Flame     |       |       |     1 |     1 ||     2
       Blink             |       |       |     1 |       ||     1
       Flame Tongue      |       |       |       |    28 ||    28
 Abil: Evoke Ratskin     |       |       |     2 |       ||     2
  Use: Scroll            |       |       |    16 |     7 ||    23
       Potion            |       |       |     1 |     2 ||     3
 Stab: Sleeping          |     2 |     4 |     6 |     4 ||    16
       Paralysed         |       |     1 |       |       ||     1
       Petrified         |       |       |     1 |       ||     1
       Confused          |       |       |       |     6 ||     6
  Eat: Chunk             |     1 |     9 |    18 |    12 ||    40
       Ration            |       |       |     1 |     2 ||     3
Armor: Robe              |    24 |    68 |   167 |   137 ||   396
Dodge: Dodged            |    53 |    88 |   227 |   207 ||   575
